 Dungeon Crawl Stone Soup version 0.31.0-9-g3a7656b989 (webtiles) character file.

Game seed: 15062496930087061905

22 qw the Shooter (level 2, -2/14 HPs)
             Began as a Spriggan Hunter on Feb 2, 2024.
             Slain by a ribbon worm (7 damage)
             ... on level 2 of the Dungeon.
             The game lasted 00:00:03 (1029 turns).

qw the Shooter (Spriggan Hunter)                    Turns: 1029, Time: 00:00:03

Health: -2/14      AC:  2    Str:  7    XL:     2   Next: 68%
Magic:  3/3        EV: 10    Int: 10    God:
Gold:   49         SH:  0    Dex: 18    Spells: 1/1 levels left

rFire   . . .        a - +0 shortbow
rCold   . . .        (shield currently unavailable)
rNeg    . . .        c - +0 robe
rPois   .            (helmet restricted)
rElec   .            (no cloak)
rCorr   .            (gloves unavailable)
SInv    +            (boots unavailable)
Will    .....        (no amulet)
Stlth   ++           (no ring)
HPRegen 0.22/turn    (no ring)
MPRegen 0.08/turn

%: no passive effects
@: held, very quick
A: very small, no large weapons, unfitting armour, see invisible, speed 3
a: no special abilities


You were on level 2 of the Dungeon.
You visited 1 branch of the dungeon, and saw 2 of its levels.

You collected 49 gold pieces.


Innate Abilities, Weirdness & Mutations

You are very small and have problems with some larger weapons.
You are too small for most types of armour.
You have supernaturally acute eyesight. (SInv)
You cover ground extremely quickly. (Speed+++)


   Skills:
 - Level 1.5 Fighting
 + Level 4.2 Ranged Weapons
 - Level 4.0 Dodging
 - Level 1.5 Stealth


You had one spell level left.
You didn't know any spells.
Your spell library was empty.

Inventory:

Hand Weapons
 a - a +0 shortbow (weapon)
Armour
 c - a +0 robe (worn)
Jewellery
 d - a ring of fire
Scrolls
 b - a scroll of identify

Dungeon Overview and Level Annotations

Branches:
Dungeon (2/15)

Altars:


Message History

You open the door.
There is an open door here.
You open the door.
Found a stone staircase leading down.
There is an open door here.
A ribbon worm comes into view.
You shoot an arrow. The arrow hits the ribbon worm!
The ribbon worm is moderately wounded.
You shoot an arrow.
The arrow completely misses the ribbon worm.
You shoot an arrow. The arrow hits the ribbon worm.
The ribbon worm is moderately wounded.
You shoot an arrow. The arrow hits the ribbon worm.
The ribbon worm is heavily wounded.
The ribbon worm expels a string of sticky webbing.
The stream of webbing hits you but does no damage.
You are caught in a web!
You struggle to detach yourself from the web.
You struggle to detach yourself from the web.
The web tears apart.
You shoot an arrow.
The arrow hits the ribbon worm but does no damage.
The ribbon worm is moderately wounded.
The ribbon worm bites you.
You shoot an arrow.
The arrow hits the ribbon worm but does no damage.
The ribbon worm is lightly wounded.
You shoot an arrow. The arrow hits the ribbon worm!
The ribbon worm is severely wounded.
The ribbon worm bites you.
You shoot an arrow.
The arrow hits the ribbon worm but does no damage.
The ribbon worm is heavily wounded.
The ribbon worm expels a string of sticky webbing.
The stream of webbing hits you but does no damage.
You are caught in a web!
You struggle to detach yourself from the web.
The ribbon worm bites you!
Ouch! That really hurt!
You die...

.... ..#.......##
....#+ ...........
...... #..........
......##........#
.......+........#
.......#........
......w#....##+#
.....>.@.......#
........##'#####
.#+#....##.#.####.####
.......##'#..........
##.##........###.####
..##..#...%..###.####
..##...#..............
.# ..............###
..............#


You could see a ribbon worm (catching breath).

Vanquished Creatures
  A dart slug (D:1)
  An endoplasm (D:1)
  2 hobgoblins (D:1)
  2 quokkas
  3 ball pythons (D:1)
  4 bats (D:1)
  2 frilled lizards
  A kobold (D:1)
  4 rats (D:1)
20 creatures vanquished.

Notes
Turn   | Place    | Note
-------+----------+-------------------------------------------
     0 | D:1      | qw the Spriggan Hunter began the quest for the Orb.
     0 | D:1      | Reached XP level 1. HP: 10/10 MP: 2/2
     0 | D:1      | 0 ||| qw: Version: 0.3-a-155-g5e7d8dd
     0 | D:1      | 0 ||| qw: Game counter: 804
     0 | D:1      | 0 ||| qw: Melee chars always use a shield: true
     0 | D:1      | 0 ||| qw: God list: Okawaru
     0 | D:1      | 0 ||| qw: Allow faded altars: false
     0 | D:1      | 0 ||| qw: Do Orc after clearing Dungeon:15 true
     0 | D:1      | 0 ||| qw: Do second Lair branch before Depths: true
     0 | D:1      | 0 ||| qw: Lair rune preference: random
     0 | D:1      | 0 ||| qw: Goals: Normal
     0 | D:1      | 0 ||| PLANNING D:1-11
   171 | D:1      | Reached skill level 3 in Dodging
   517 | D:1      | Reached XP level 2. HP: 14/14 MP: 3/3
   656 | D:1      | Found a faded altar of an unknown god.
   874 | D:1      | 874 ||| READING scroll labelled NEHEXKU PIJE.
   874 | D:1      | 874 ||| IDENTIFYING scroll labelled LYGUCR ZOSUP
   875 | D:1      | 875 ||| DROPPING scroll of butterflies.
   876 | D:1      | 876 ||| DROPPING scroll of immolation.
  1029 | D:2      | Slain by a ribbon worm

Levels and vault maps discovered:
D:1:      co_arrival_random_square_maze, layout_loops_corners,
          ebering_ecumenical_altar_mist
D:2:      layout_basic, minmay_parallelograms, minmay_misc_feat_alley

Skill      XL: |  1  2 |
---------------+-------+-----
Dodging        | 3 4 |  4.0
Fighting       | |  1.5
Ranged Weapons | |  4.2
Stealth        | |  1.5

Action                     || total
---------------------------++-------
   Fire: Shortbow          ||    55
    Use: Scroll            ||     1
 Armour: Robe              ||     5
  Dodge: Dodged            ||     4

Table legend:
 A = Non-vault XP
 B = Vault XP
 C = Vault XP percentage of total XP
 D = Non-vault monster count
 E = Vault monster count
 F = Vault count percentage of total count
                 A         B        C        D         E       F
            +---------+---------+-------+---------+---------+-------
      Total |      32 |       0 |   0.0 |      20 |       0 |   0.0
            +---------+---------+-------+---------+---------+-------
        D:1 |      29 |       0 |   0.0 |      18 |       0 |   0.0
        D:2 |       3 |       0 |   0.0 |       2 |       0 |   0.0
            +---------+---------+-------+---------+---------+-------
